 Dungeon Crawl Stone Soup version 0.21.1-1-g345015f (webtiles) character file.

393 grindst0ne the Skirmisher (level 7, -5/61 HPs)
             Began as a Formicid Hunter on Mar 2, 2018.
             Slain by an ogre
             ... wielding a +0 giant club
              (14 damage)
             ... on level 4 of the Dungeon.
             The game lasted 00:04:29 (2481 turns).

grindst0ne the Skirmisher (Formicid Hunter)         Turns: 2481, Time: 00:04:30

Health: -5/61      AC: 10    Str: 18    XL:     7   Next: 8%
Magic:  7/7        EV:  5    Int: 14    God:
Gold:   126        SH:  0    Dex: 11    Spells: 6/6 levels left

rFire    . . .     SeeInvis +   x - +1 hand axe (venom)
rCold    . . .     Gourm    .   (no shield)
rNeg     . . .     Faith    .   w - +0 plate armour
rPois    .         Spirit   .   (helmet unavailable)
rElec    .         Reflect  .   (no cloak)
rCorr    .         Harm     .   (no gloves)
MR       .....                  (no boots)
Stlth    ..........             (no amulet)
HPRegen  0.20/turn              s - +3 ring of intelligence
MPRegen  0.10/turn              (no ring)

@: very slightly contaminated, invisible
A: permanent stasis, dig shafts and tunnels, four strong arms, antennae 3
a: Dig, Shaft Self


You were on level 4 of the Dungeon.
You were not hungry.

You visited 1 branch of the dungeon, and saw 4 of its levels.

You collected 126 gold pieces.

Inventory:

Hand Weapons
 x - a +1 hand axe of venom (weapon)
Missiles
 c - 3 javelins (quivered)
 d - 2 throwing nets
Armour
 w - a +0 plate armour (worn)
Jewellery
 s - a +3 ring of intelligence (left hand)
Scrolls
 g - 2 scrolls of teleportation {unknown}
 l - 2 scrolls of enchant weapon {unknown}
 m - a scroll of enchant armour
 v - a scroll of fear
Potions
 i - a potion of mutation
 j - a potion of might
 n - 2 potions of agility
 t - a potion of degeneration
Comestibles
 f - 7 rations
 p - 7 chunks of flesh


   Skills:
 + Level 7.7 Fighting
 - Level 4.0 Throwing
 - Level 1.7 Dodging
 - Level 1.2 Stealth


You had 6 spell levels left.
You didn't know any spells.

Dungeon Overview and Level Annotations

Branches:
Dungeon (4/15)
 Temple: D:4-7

Altars:

Shops:
D:4 *


Innate Abilities, Weirdness & Mutations

You cannot be hasted, slowed, berserked, paralysed or teleported.
You can dig through walls and to a lower floor.
Your four strong arms can wield two-handed weapons with a shield.
You have a pair of large antennae on your head. (SInv)


Message History

The orc hits you with a flail of crushing.
You barely miss the orc.
The orc is heavily wounded.
You kill the orc!
The ogre hits you with a giant club!!
* * * LOW HITPOINT WARNING * * *
You barely miss the ogre.
The ogre is moderately wounded.
The ogre barely misses you.
You extend your mandibles.
You dig through the rock wall.
You feel better.
You fade into invisibility!
The ogre barely misses you.
You are very lightly contaminated with residual magic.
You retract your mandibles.
Your plate armour prevents you from hitting the ogre.
The ogre is moderately wounded.
The ogre hits you with a giant club!
You die...

#......#####.#..#.#...##.S.
..........>.............. .
#<..#.###..........#.?# ...
###.#.#
#.....l.>..(..#..o..
#.#.###...##.###.#.....[..
#...##...####.##..(...#...
##..##.#.# ##{####.......
#..##.#.# #O## .......
#.......# ##@# .......
#....#### ### .......
#....# ....... #..###
....... ####


You could see an ogre.

Vanquished Creatures
  The ghost of shugdite the Slasher, an amateur MiFi (D:4)
  2 worker ants (D:4)
  4 gnolls (D:4)
  2 adders (D:3)
  An ooze (D:3)
  3 worms
  A dart slug (D:1)
  4 leopard geckos
  3 orcs (D:4)
  A ball python (D:4)
  A giant cockroach (D:1)
  5 goblins
  4 hobgoblins
  A quokka (D:2)
  9 bats
  2 frilled lizards
  5 kobolds
  3 rats
52 creatures vanquished.

Notes
Turn   | Place    | Note
-------+----------+-------------------------------------------
     0 | D:1      | grindst0ne the Formicid Hunter began the quest for the Orb.
     0 | D:1      | Reached XP level 1. HP: 16/16 MP: 1/1
   347 | D:1      | Reached XP level 2. HP: 20/23 MP: 2/2
   459 | D:1      | Reached skill level 3 in Fighting
   816 | D:2      | Found a faded altar of an unknown god.
  1014 | D:2      | Reached XP level 3. HP: 24/30 MP: 3/3
  1490 | D:3      | Reached skill level 4 in Fighting
  1629 | D:3      | Reached XP level 4. HP: 27/38 MP: 4/4
  2229 | D:4      | Found Lekothrou's Assorted Antiques.
  2235 | D:4      | Noticed shugdite's ghost (amateur MiFi)
  2265 | D:4      | Killed shugdite's ghost
  2265 | D:4      | Reached skill level 7 in Fighting
  2265 | D:4      | Reached XP level 5. HP: 40/48 MP: 5/5
  2265 | D:4      | Reached XP level 6. HP: 45/55 MP: 6/6
  2414 | D:4      | Reached XP level 7. HP: 47/60 MP: 7/7
  2476 | D:4      | HP: 3/61 [ogre/giant club (22)]
  2481 | D:4      | Slain by an ogre

Skill      XL: |  1  2  3  4 |
---------------+-------------+-----
Fighting       | 3 4 7 |  7.7
Throwing       | |  4.0
Dodging        | |  1.7
Stealth        | |  1.2

Action                   |  1- 3 |  4- 6 |  7- 9 || total
-------------------------+-------+-------+-------++-------
Melee: Short sword       |   100 |       |       ||   100
       Falchion          |    26 |    43 |       ||    69
       Hand axe          |       |    37 |     8 ||    45
Throw: Javelin           |     8 |     9 |     3 ||    20
 Abil: Dig               |     7 |       |     2 ||     9
  Use: Potion            |       |     5 |     2 ||     7
       Scroll            |       |     5 |       ||     5
 Stab: Sleeping          |     1 |     1 |       ||     2
  Eat: Chunk             |     3 |     3 |       ||     6
Armor: Leather armour    |    89 |    13 |       ||   102
       Plate armour      |       |    28 |     4 ||    32
       Skin              |       |     8 |       ||     8
Dodge: Dodged            |   112 |    27 |     3 ||   142
       Rpst.: Falchion   |     6 |     5 |       ||    11
